 Dungeon Crawl Stone Soup version 0.31-a0-198-g2ad674f65e (webtiles) character file.

Game seed: 2102806954375363208

90 qw the Shooter (level 4, -2/25 HPs)
             Began as a Deep Elf Hunter on June 25, 2023.
             Slain by a sky beast (5 damage)
             ... on level 4 of the Dungeon.
             The game lasted 00:00:46 (1736 turns).

qw the Shooter (Deep Elf Hunter)                    Turns: 1736, Time: 00:00:47

Health: -2/25      AC:  6    Str: 10    XL:     4   Next: 32%
Magic:  6/6        EV:  9    Int: 14    God:
Gold:   62         SH:  0    Dex: 24    Spells: 3/3 levels left

rFire   . . .        Y - +0 shortbow
rCold   . . .        (shield currently unavailable)
rNeg    + . .        a - +0 scale mail
rPois   .            (no helmet)
rElec   .            (no cloak)
rCorr   .            (no gloves)
SInv    .            (no boots)
Will    .....        (no amulet)
Stlth   +            e - ring of positive energy
HPRegen 0.24/turn    b - +6 ring of dexterity
MPRegen 0.10/turn

%: no passive effects
@: no status effects
A: no striking features
a: no special abilities


You were on level 4 of the Dungeon.
You visited 1 branch of the dungeon, and saw 4 of its levels.

You collected 62 gold pieces.


   Skills:
 - Level 1.5 Fighting
 + Level 7.7 Ranged Weapons
 - Level 2.4 Dodging
 - Level 1.2 Stealth


You had 3 spell levels left.
You didn't know any spells.
Your spell library was empty.

Inventory:

Hand Weapons
 Y - a +0 shortbow (weapon)
Armour
 a - a +0 scale mail (worn)
Jewellery
 b - a +6 ring of dexterity (right hand)
 e - a ring of positive energy (left hand)
Scrolls
 c - a scroll of teleportation
 f - a scroll of identify
Potions
 d - 2 potions of curing
 g - a potion of enlightenment {unknown}
 j - a potion of haste {unknown}
 k - a potion of lignification {unknown}

Dungeon Overview and Level Annotations

Branches:
Dungeon (4/15)
 Temple: D:4-7

Altars:
Cheibriados

Annotations:
D:4 2 runed translucent doors


Message History

You kill the kobold!
A sky beast comes into view.
There is a large open door here.
Things that are here:
a +0 club; a kobold corpse
Enter note: You shoot an arrow.
The arrow closely misses the sky beast.
The sky beast flickers out of sight!
Deactivating autopickup; reactivate with Ctrl-A.
You shoot an arrow. Something hits you. Something shocks you.
You shoot an arrow. Something hits you but does no damage.
You shoot an arrow.
A sky beast appears from thin air!
Reactivating autopickup.
The sky beast hits you but does no damage.
You shoot an arrow.
The arrow hits the sky beast but does no damage.
The sky beast is moderately wounded.
The sky beast barely misses you.
The sky beast hits you but does no damage.
You shoot an arrow. The arrow barely misses the sky beast.
The sky beast closely misses you.
You shoot an arrow. The arrow hits the sky beast.
The sky beast is moderately wounded.
The sky beast flickers out of sight!
Deactivating autopickup; reactivate with Ctrl-A.
Something hits you but does no damage.
You shoot an arrow. Something hits you but does no damage. Something hits you.
Something shocks you.
You shoot an arrow. Something hits you but does no damage.
You shoot an arrow. Something hits you. Something shocks you.
You shoot an arrow. Something hits you but does no damage.
You shoot an arrow. Something hits you. Something shocks you.
You die...

##############
#....#...+....
#........#....
#....##'####.##..#
.######...##.}.##..##..#
...?..#. ##...##.%..#...
....... ##...##.....'...
#....##.).##..#..#####
#..{@.}.++....+####
#...(.##...##.... ..#
#...#..##...##... ..#
#.. ##..##...##..##.# .
## #..##.}.# ..#.##.
...##+####.#....
#....:....#....
#.........'....
#.........#<...


There were no monsters in sight!

Vanquished Creatures
  An adder (D:3)
  A worm (D:2)
  2 dart slugs
  4 orcs
  5 ball pythons
  5 endoplasms
  3 giant cockroaches
  3 goblins
  3 hobgoblins
  10 jackals
  6 kobolds
  7 bats
  4 frilled lizards
  12 rats
66 creatures vanquished.

Notes
Turn   | Place    | Note
-------+----------+-------------------------------------------
     0 | D:1      | qw the Deep Elf Hunter began the quest for the Orb.
     0 | D:1      | Reached XP level 1. HP: 12/12 MP: 3/3
     0 | D:1      | 0 ||| qw: Version: 0.3-a-22-g0ed2b0b
     0 | D:1      | 0 ||| qw: Game counter: 5407
     0 | D:1      | 0 ||| qw: Melee chars always use a shield: true
     0 | D:1      | 0 ||| qw: God list: Okawaru
     0 | D:1      | 0 ||| qw: Allow faded altars: false
     0 | D:1      | 0 ||| qw: Do Orc after clearing Dungeon:15 true
     0 | D:1      | 0 ||| qw: Do second Lair branch before Depths: true
     0 | D:1      | 0 ||| qw: Lair rune preference: random
     0 | D:1      | 0 ||| qw: Goals: Normal
     0 | D:1      | 0 ||| PLANNING D:1-11
   105 | D:1      | Reached XP level 2. HP: 15/16 MP: 4/4
   116 | D:1      | Found a faded altar of an unknown god.
   118 | D:1      | Reached skill level 6 in Ranged Weapons
   273 | D:1      | Reached XP level 3. HP: 20/20 MP: 5/5
   407 | D:1      | 407 ||| DROPPING scroll of butterflies.
   775 | D:2      | Reached skill level 7 in Ranged Weapons
   858 | D:2      | Found a snail-covered altar of Cheibriados.
  1087 | D:2      | 1087 ||| UPGRADING to ring of positive energy.
  1088 | D:2      | 1088 ||| READING scroll labelled VAXAPH WYZO.
  1089 | D:2      | 1089 ||| READING 2 scrolls labelled SUTUTT WYOSISCH.
  1090 | D:2      | 1090 ||| READING scroll labelled ZITEDU VOJAOPS.
  1118 | D:3      | 1118 ||| STAIRDANCE
  1303 | D:3      | Reached XP level 4. HP: 25/25 MP: 6/6
  1553 | D:3      | 1553 ||| UPGRADING to +0 scale mail.
  1563 | D:3      | 1563 ||| DROPPING +0 leather armour.
  1564 | D:3      | 1564 ||| UPGRADING to +6 ring of dexterity.
  1565 | D:3      | 1565 ||| READING scroll labelled ODIOBB ARYERPH.
  1566 | D:3      | 1566 ||| READING scroll labelled UTRORU YHOHUPH.
  1567 | D:3      | 1567 ||| READING 2 scrolls of identify.
  1567 | D:3      | 1567 ||| IDENTIFYING orange potion
  1654 | D:4      | Found a large runed translucent door.
  1655 | D:4      | Found a large runed translucent door.
  1724 | D:4      | Noticed a sky beast
  1734 | D:4      | HP: 4/25 [something (6)]
  1736 | D:4      | Slain by a sky beast

Levels and vault maps discovered:
D:1:      minmay_arrival_semitransparent, layout_rooms,
          hellmonk_ecumenical_altar_dog_temple
D:2:      layout_basic, basic_altar, grunt_ministairs_11
D:3:      cheibrodos_old_hovel, layout_rooms, serial_corexii_hall,
          corexii_hall_statues_x, corexii_hall_statues_i
D:4:      layout_gridville, kennysheep_mini, jmf_multi_god_temple2,
          serial_bayou_ford_a, grunt_decor_arrowhead

Skill      XL: |  1  2  3 |
---------------+----------+-----
Ranged Weapons | 6 7 |  7.7
Fighting       | |  1.5
Dodging        | |  2.4
Stealth        | |  1.2

Action                     |  1- 3 |  4- 6 || total
---------------------------+-------+-------++-------
   Fire: Shortbow          |   130 |    36 ||   166
    Use: Scroll            |     3 |     3 ||     6
 Armour: Leather armour    |    11 |       ||    11
         Scale mail        |       |     8 ||     8
  Dodge: Dodged            |    26 |     5 ||    31

Table legend:
 A = Non-vault XP
 B = Vault XP
 C = Vault XP percentage of total XP
 D = Non-vault monster count
 E = Vault monster count
 F = Vault count percentage of total count
                 A         B        C        D         E       F
            +---------+---------+-------+---------+---------+-------
      Total |     118 |      11 |   8.5 |      60 |       6 |   9.1
            +---------+---------+-------+---------+---------+-------
        D:1 |      40 |       6 |  13.0 |      26 |       3 |  10.3
        D:2 |      28 |       3 |   9.7 |      15 |       2 |  11.8
        D:3 |      42 |       2 |   4.5 |      15 |       1 |   6.2
        D:4 |       8 |       0 |   0.0 |       4 |       0 |   0.0
            +---------+---------+-------+---------+---------+-------
